 Dungeon Crawl Stone Soup version 0.30-a0-632-g346586fe48 (webtiles) character file.

Game seed: 4520085790856084402

14263 bmack86 the Cleaver (level 11, -11/101 HPs)
             Began as a Minotaur Fighter on Jan 14, 2023.
             Mangled by an orc warrior
             ... wielding a +0 halberd
              (14 damage)
             ... in a bailey.
             The game lasted 00:21:21 (6363 turns).

bmack86 the Cleaver (Minotaur Fighter)              Turns: 6363, Time: 00:21:21

Health: -11/101    AC: 20    Str: 20    XL:     11   Next: 86%
Magic:  10/10      EV: 11    Int:  5    God:
Gold:   596        SH:  6    Dex: 10    Spells: 10/10 levels left

rFire   . . .      SeeInvis .    w - +1 war axe (freeze)
rCold   . . .      Faith    .    c - +0 buckler
rNeg    . . .      Spirit   .    l - +0 plate armour
rPois   .          Reflect  .    (helmet restricted)
rElec   +          Harm     .    o - +0 cloak
rCorr   .          Rampage  .    C - +0 pair of gloves
Will    +....                    y - +1 pair of boots Stlth
                                 m - amulet of regeneration
HPRegen 1.16/turn                t - ring "Xethrioded" {+Blink rElec Will+ Str-5}
MPRegen 0.12/turn                i - +5 ring of evasion

@: mighty, studying Hexes
A: horns 2, retaliatory headbutt
a: Evoke Blink


You were in a bailey.
You visited 2 branches of the dungeon, and saw 10 of its levels.
You also visited: Bailey.

You collected 645 gold pieces.
You spent 49 gold pieces at shops.

Inventory:

Hand Weapons
 a - a +1 heavy war axe
 w - a +1 war axe of freezing (weapon)
Missiles
 g - 14 poisoned darts (quivered)
 n - 2 throwing nets
Armour
 c - a +0 buckler (worn)
 l - a +0 plate armour (worn)
 o - a +0 cloak (worn)
 y - a +1 pair of boots (worn)
 B - a scarf of resistance
 C - a +0 pair of gloves (worn)
Jewellery
 i - a +5 ring of evasion (right hand)
 m - an amulet of regeneration (around neck)
 t - the ring "Xethrioded" (left hand) {+Blink rElec Will+ Str-5}
   (You found it on level 2 of the Dungeon)

   [ring of willpower]

   Str:       It affects your strength (-5).
   rElec:     It insulates you from electricity.
   +Blink:    It lets you blink.
   Will:      It increases your willpower.
 x - a ring of fire
 D - a ring of wizardry
Wands
 b - a wand of flame (33)
 F - a wand of roots (7)
 J - a wand of mindburst (11)
Scrolls
 e - 3 scrolls of enchant weapon
 h - 2 scrolls of blinking
 q - 2 scrolls of butterflies
 r - 3 scrolls of amnesia
 v - 2 scrolls of teleportation
 A - a scroll of fear
 I - 2 scrolls of identify
Potions
 d - 4 potions of might
 f - a potion of berserk rage
 j - 6 potions of heal wounds
 k - 2 potions of brilliance
 p - 4 potions of curing
 s - 2 potions of invisibility
 u - a potion of ambrosia {unknown}
 z - 2 potions of flight {unknown}
 E - a potion of haste {unknown}
 G - a potion of lignification {unknown}
 H - a potion of attraction {unknown}
 K - 2 potions of magic {unknown}
 L - 2 potions of cancellation {unknown}
 M - 2 potions of resistance {unknown}
 N - a potion of mutation {unknown}


   Skills:
 + Level 10.7 Fighting
 * Level 14.2 Axes
 + Level 5.3 Throwing
 + Level 10.7 Armour
 + Level 10.7 Shields


You had 10 spell levels left.
You didn't know any spells.
Your spell library contained the following spells:

 Spells                   Type           Power      Damage    Failure   Level
 Freeze                   Ice            0%         1d3       100%        1
 Shock                    Conj/Air       0%         1d3       100%        1
 Dazzling Flash           Conj/Hex       0%         N/A       100%        3
 Frozen Ramparts          Ice            0%         1d1       100%        3
 Hailstorm                Conj/Ice       0%         3d3       100%        3
 Swiftness                Air            0%         N/A       100%        3
 Airstrike                Air            0%         2d(0-16)  100%        4
 Agony                    Necr           0%         N/A       100%        5
 Silence                  Hex/Air        0%         N/A       100%        5


Dungeon Overview and Level Annotations

Branches:
Dungeon (9/15)             Temple (1/1) D:7            Lair (0/5) D:9
 Bailey (1/1)
    Orc: D:9-12

Altars:
Ashenzari
Cheibriados
Dithmenos
Elyvilon
Fedhas
Gozag
Hepliaklqana
Kikubaaqudgha
Makhleb
Nemelex Xobeh
Ru
Sif Muna
Trog
Uskayaw
Vehumet
Wu Jian
Xom
Yredelemnul
Zin
The Shining One

Shops:
D:3 !   D:5 [?[[   D:7 (   D:8 :

Annotations:
D:4 2 transporters, capslocke's ghost, amateur TrGl
D:5 1 runed translucent door, Mitcholas's ghost, novice DEHu


Innate Abilities, Weirdness & Mutations

You have a pair of horns on your head.
You reflexively headbutt those who attack you in melee.


Message History

The orc knight roars a battlecry!
The orc warriors go into a battle-frenzy!
The orc knight closely misses you. The orc closely misses you.
The orc warrior shouts!
You barely miss the orc knight. Your headbutt misses the orc knight.
You hit the orc. You freeze the orc.
You kill the orc!
The orc warrior barely misses you.
The orc hits you from afar with a +0 spear!
The orc knight hits you but does no damage.
The orc knight hits you from afar with a +0 halberd!
The orc hits you from afar with a +0 halberd.
You slash the orc knight! You freeze the orc knight.
Your headbutt misses the orc knight.
The orc knight is lightly wounded.
You miss the orc warrior.
The orc warrior hits you with a +0 hand axe!
The orc warrior hits you from afar with a +0 halberd!
You block the orc's attack. The orc knight barely misses you.
You furiously retaliate!
You headbutt the orc knight.
The orc knight hits you from afar with a +0 halberd.
The orc closely misses you. The orc completely misses you.
You barely miss the orc knight.
The orc knight is moderately wounded.
You slash the orc warrior! You freeze the orc warrior.
The orc warrior closely misses you. The orc hits you but does no damage.
The orc knight hits you with a +0 halberd!
The orc knight hits you from afar with a +0 halberd!!
* * * LOW HITPOINT WARNING * * *
The orc barely misses you. The orc closely misses you.
You slash the orc knight! You freeze the orc knight.
Your headbutt misses the orc knight.
The orc knight is heavily wounded.
You closely miss the orc warrior. You slash the orc knight!
You freeze the orc knight.
The orc knight is severely wounded.
You hit the orc warrior. You freeze the orc warrior.
You block the orc warrior's attack.
The orc warrior hits you from afar with a +0 halberd!
You die...

##'''##
#.....#
#.....#
#.....#
#.....#
#.....#
##'''##
##..o..##
#...@)o.#
#..#o#o.#
#..ooo..#
#...o...#
#...oo..#
##.....##
#'''''#
#.....#


You could see 2 orc knights, 4 orc warriors and 4 orcs.

Vanquished Creatures
  Joseph (D:7)
  A rime drake (D:9)
  A hornet (D:8)
  8 orc warriors
  6 ice beasts
  3 sky beasts (D:7)
  An ogre (D:4)
  4 wolves (D:9)
  4 centaurs
  A phantom (D:5)
  4 bullfrogs
  2 kobold brigands
  A gnoll sergeant (D:9)
  2 scorpions (D:5)
  A necrophage (D:4)
  3 killer bees (D:7)
  A howler monkey (D:5)
  2 jellies
  2 hounds
  7 orc priests
  6 orc wizards
  3 iguanas
  4 gnolls (D:9)
  9 adders
  A white imp (D:5)
  An ufetubus (D:4)
  A worm (D:5)
  2 dart slugs
  40 orcs
  5 ball pythons
  7 bats
  5 endoplasms
  2 giant cockroaches
  11 goblins
  7 hobgoblins
  4 quokkas
  4 frilled lizards
  8 kobolds
  6 rats
181 creatures vanquished.

Notes
Turn   | Place    | Note
-------+----------+-------------------------------------------
     0 | D:1      | bmack86 the Minotaur Fighter began the quest for the Orb.
     0 | D:1      | Reached XP level 1. HP: 19/19 MP: 0/0
   186 | D:1      | Reached XP level 2. HP: 27/27 MP: 1/1
   428 | D:1      | Reached skill level 3 in Axes
   673 | D:2      | Reached XP level 3. HP: 33/33 MP: 2/2
  1233 | D:2      | Identified the ring "Xethrioded" {+Blink rElec Will+ Str-5}
  1240 | D:2      | Reached skill level 1 in Throwing
  1351 | D:3      | Reached XP level 4. HP: 19/40 MP: 3/3
  1484 | D:3      | Found a faded altar of an unknown god.
  1534 | D:3      | Found Ymac's Distillery.
  1548 | D:3      | Reached skill level 4 in Axes
  1764 | D:3      | Found an ornate altar of the Wu Jian Council.
  1845 | D:4      | Reached XP level 5. HP: 47/47 MP: 4/4
  1950 | D:4      | Found an ancient bone altar of Kikubaaqudgha.
  2000 | D:4      | Found a transporter.
  2003 | D:4      | Noticed capslocke's ghost (amateur TrGl)
  2005 | D:4      | Noticed an ogre
  2007 | D:4      | Found a transporter.
  2195 | D:4      | Identified the +1 leather armour "Gableahe" {rElec rPois
                  | rF++ Int-2}
  2214 | D:4      | Reached XP level 6. HP: 53/53 MP: 5/5
  2226 | D:4      | Reached skill level 5 in Axes
  2570 | D:5      | Entered Level 5 of the Dungeon
  2589 | D:5      | Reached skill level 5 in Fighting
  2589 | D:5      | Reached skill level 5 in Armour
  2589 | D:5      | Reached skill level 5 in Shields
  2595 | D:5      | Reached XP level 7. HP: 48/61 MP: 6/6
  2650 | D:5      | Found Uliets's Armour Boutique.
  2656 | D:5      | Found a hazy altar of Hepliaklqana.
  2682 | D:5      | Found Pouc's Armour Shop.
  2725 | D:5      | Reached skill level 6 in Axes
  2735 | D:5      | Found a basalt altar of Yredelemnul.
  2735 | D:5      | Found a glowing golden altar of the Shining One.
  2743 | D:5      | Noticed a profane servitor
  2765 | D:5      | Bought a +0 pair of gloves for 49 gold pieces
  2826 | D:5      | Found Oxidwe's Magic Scroll Emporium.
  2850 | D:5      | Found Ceaf's Armour Emporium.
  2885 | D:5      | Found a runed translucent door.
  2885 | D:5      | Noticed Mitcholas's ghost (novice DEHu)
  3362 | D:5      | Noticed an angel
  3498 | D:6      | Found a shimmering altar of Xom.
  3635 | D:6      | Found a blossoming altar of Fedhas.
  3682 | D:6      | Reached XP level 8. HP: 70/70 MP: 7/7
  3761 | D:6      | Reached skill level 7 in Axes
  3878 | D:6      | Found a broken altar of Ashenzari.
  4209 | D:7      | Found a staircase to the Ecumenical Temple.
  4234 | D:7      | Reached skill level 8 in Axes
  4245 | Temple   | Entered the Ecumenical Temple
  4325 | D:7      | Found Taacyrub's Weapon Boutique.
  4348 | D:7      | Noticed Joseph
  4361 | D:7      | Killed Joseph
  4362 | D:7      | Reached XP level 9. HP: 69/78 MP: 8/8
  4824 | D:7      | Reached skill level 9 in Axes
  5157 | D:8      | Found Alusk's Vocational Training.
  5191 | D:8      | Reached skill level 12 in Axes
  5191 | D:8      | Reached XP level 10. HP: 91/91 MP: 9/9
  5285 | D:8      | Paralysed by a hornet for 1 turns
  6008 | D:9      | Reached skill level 5 in Throwing
  6022 | D:9      | Found a staircase to the Lair.
  6243 | D:9      | Found a flagged portal.
  6252 | Bailey   | Entered a bailey
  6348 | Bailey   | Reached skill level 10 in Fighting
  6348 | Bailey   | Reached skill level 14 in Axes
  6348 | Bailey   | Reached skill level 10 in Armour
  6348 | Bailey   | Reached skill level 10 in Shields
  6348 | Bailey   | Reached XP level 11. HP: 101/101 MP: 10/10
  6352 | Bailey   | Noticed an orc knight
  6353 | Bailey   | Noticed an orc knight
  6361 | Bailey   | HP: 1/101 [orc knight/+0 halberd (32)]
  6363 | Bailey   | Mangled by an orc warrior

Illustrated notes

Levels and vault maps discovered:
D:1:      minmay_arrival_doors, layout_basic
D:2:      layout_basic, serial_corexii_hall, corexii_hall_statues_u,
          corexii_hall_statues_u, skrybe_limestone_x
D:3:      layout_rooms, mainiacjoe_overflow_alcove_4,
          hellmonk_ecumenical_altar_run_dry, serial_shops, shop_statue,
          st_stairs_7
D:4:      layout_basic, mainiacjoe_overflow_chevrons, gammafunk_ghost_smash,
          minmay_goblin_kobold_house
D:5:      layout_basic, grunt_temple_overflow_holy_war,
          mainiacjoe_overflow_brackets, serial_shops, shop, shop,
          nicolae_shop_statue_plus, shop_statue, hellmonk_ghost_happy_afterlife,
          minmay_crossroads
D:6:      layout_loops_ring, lemuel_crystal_altar, mainiacjoe_overflow_alcove_2,
          ashenzari_altar_1
D:7:      layout_cave_pods, minmay_temple_entry_glass, serial_shops, shop,
          uniq_joseph
D:8:      layout_basic, nicolae_shop_vocational
D:9:      layout_roguey, nicolae_qazlal_general_emergency,
          hellmonk_lair_entry_icy, enter_bailey_8
Temple:   nicolae_temple_no_exploring_needed
Bailey:   bailey_polearm_5, bailey

Skill      XL: |  1  2  3  4  5  6  7  8  9 10 |
---------------+-------------------------------+-----
Axes           | 3 4 5 6 8 12 14 | 14.2
Armour         | 4 5 6 9 10 | 10.7
Fighting       | 4 5 6 9 10 | 10.7
Shields        | 4 5 6 9 10 | 10.7
Throwing       | 1 2 3 4 5 |  5.3

Action                   |  1- 3 |  4- 6 |  7- 9 | 10-12 || total
-------------------------+-------+-------+-------+-------++-------
Melee: War axe           |    80 |    80 |   132 |   102 ||   394
       Headbutt          |     6 |     6 |    15 |    17 ||    44
  Use: Scroll            |     5 |     5 |     8 |     3 ||    21
       Potion            |       |       |     1 |     2 ||     3
Armor: Scale mail        |    82 |    51 |     1 |       ||   134
       Plate armour      |       |       |   127 |   103 ||   230
Dodge: Dodged            |    65 |    96 |    86 |   107 ||   354
Block: Buckler           |    31 |    33 |    34 |    72 ||   170

Table legend: (Time is in decaauts)
 A = Elapsed time spent in this place.
 B = Non-inter-level travel time spent in this place.
 C = Inter-level travel time spent in this place.
 D = Time resting spent in this place.
 E = Time spent auto-exploring this place.
 F = Levels seen in this place.
 G = Mean time per level.
                   A        B        C        D        E       F      G
               +--------+--------+--------+--------+--------+-----+--------+
         Total |   6493 |   6294 |    199 |     36 |   3568 |  11 |  590.3 |
       Dungeon |   6355 |   6156 |    199 |      7 |   3568 |   9 |  706.1 |
        Temple |     30 |     30 |      0 |     29 |      0 |   1 |   30.0 |
        Bailey |    107 |    107 |      0 |      0 |      0 |   1 |  107.0 |
               +--------+--------+--------+--------+--------+-----+--------+

Top non-repeatable levels by time:
     D:7: 999 daAuts
     D:5: 937 daAuts
     D:8: 835 daAuts
     D:4: 768 daAuts
     D:2: 764 daAuts
     D:6: 676 daAuts
     D:1: 594 daAuts
     D:3: 516 daAuts
     D:9: 262 daAuts
  Bailey: 107 daAuts
  Temple: 30 daAuts
